 Dungeon Crawl Stone Soup version 0.31-a0-202-g547052bce9 (webtiles) character file.

Game seed: 16321329681967653200

22 qw the Shooter (level 2, -2/16 HPs)
             Began as a Deep Elf Hunter on June 26, 2023.
             Slain by an adder (3 damage)
             ... on level 2 of the Dungeon.
             The game lasted 00:00:10 (545 turns).

qw the Shooter (Deep Elf Hunter)                     Turns: 545, Time: 00:00:10

Health: -2/16      AC:  5    Str:  8    XL:     2   Next: 68%
Magic:  4/4        EV: 10    Int: 13    God:
Gold:   52         SH:  0    Dex: 18    Spells: 1/1 levels left

rFire   . . .        a - +0 shortbow
rCold   . . .        (shield currently unavailable)
rNeg    . . .        d - +0 ring mail
rPois   .            (no helmet)
rElec   .            (no cloak)
rCorr   .            (no gloves)
SInv    .            (no boots)
Will    .....        (no amulet)
Stlth   +            (no ring)
HPRegen 0.22/turn    (no ring)
MPRegen 0.09/turn

%: no passive effects
@: no status effects
A: no striking features
a: no special abilities


You were on level 2 of the Dungeon.
You visited 1 branch of the dungeon, and saw 2 of its levels.

You collected 52 gold pieces.


   Skills:
 - Level 1.5 Fighting
 + Level 6.4 Ranged Weapons
 - Level 2.4 Dodging
 - Level 1.2 Stealth


You had one spell level left.
You didn't know any spells.
Your spell library was empty.

Inventory:

Hand Weapons
 a - a +0 shortbow (weapon)
Armour
 d - a +0 ring mail (worn)
Jewellery
 b - an amulet of faith

Dungeon Overview and Level Annotations

Branches:
Dungeon (2/15)

Altars:


Message History

You shoot an arrow. The arrow hits the hobgoblin!
You kill the hobgoblin!
b - an amulet of faith You now have 52 gold pieces (gained 11).
A kobold comes into view. It is wielding a +0 short sword.
The kobold shouts!
The kobold throws a stone.
The stone completely misses you.
You shoot an arrow. The arrow closely misses the kobold.
You shoot an arrow. The arrow closely misses the kobold.
You shoot an arrow. The arrow hits the kobold.
You kill the kobold!
Things that are here:
a +0 short sword; 2 stones; a kobold corpse
Found a club.
Found a stone staircase leading down.
An adder comes into view.
The adder hisses angrily.
A hound comes into view.
The adder moves out of view.
You shoot an arrow. The hound barks!
The arrow hits the hound.
The hound is lightly wounded.
You shoot an arrow.
The arrow hits the hound but does no damage.
The hound is lightly wounded.
You shoot an arrow. The arrow hits the hound.
The hound is moderately wounded.
The hound bites you but does no damage. The hound bites you.
You shoot an arrow. The arrow barely misses the hound.
The hound bites you but does no damage. The adder barely misses you.
A quokka comes into view.
The hound bites you but does no damage.
You shoot an arrow. The arrow misses the hound.
The adder bites you but does no damage. The hound bites you.
The adder bites you.
You shoot an arrow. The arrow closely misses the hound.
The hound bites you. The adder bites you. The hound barely misses you.
The adder bites you.
You die...

#.. .# #.. #. #.. ###.#
#.. .... ######### #..
####..###.......# #..
.......##.#####.# #..
#)S.##.......# ###
#.h@......##.#
........##..#.##.#######
.....##.##..#.....).....
##.. >.##.......#######
## ######.####.#
#......# ########


You could see a hound and an adder.

Vanquished Creatures
  An adder (D:2)
  2 ball pythons (D:1)
  A bat (D:1)
  2 goblins (D:1)
  2 hobgoblins
  2 frilled lizards (D:1)
  A kobold (D:2)
  2 rats (D:1)
13 creatures vanquished.

Notes
Turn   | Place    | Note
-------+----------+-------------------------------------------
     0 | D:1      | qw the Deep Elf Hunter began the quest for the Orb.
     0 | D:1      | Reached XP level 1. HP: 12/12 MP: 3/3
     0 | D:1      | 0 ||| qw: Version: 0.3-a-22-g0ed2b0b
     0 | D:1      | 0 ||| qw: Game counter: 5787
     0 | D:1      | 0 ||| qw: Melee chars always use a shield: true
     0 | D:1      | 0 ||| qw: God list: Okawaru
     0 | D:1      | 0 ||| qw: Allow faded altars: false
     0 | D:1      | 0 ||| qw: Do Orc after clearing Dungeon:15 true
     0 | D:1      | 0 ||| qw: Do second Lair branch before Depths: true
     0 | D:1      | 0 ||| qw: Lair rune preference: random
     0 | D:1      | 0 ||| qw: Goals: Normal
     0 | D:1      | 0 ||| PLANNING D:1-11
   282 | D:1      | Reached XP level 2. HP: 16/16 MP: 4/4
   283 | D:1      | Reached skill level 6 in Ranged Weapons
   397 | D:1      | 397 ||| UPGRADING to +0 ring mail.
   407 | D:1      | 407 ||| DROPPING +0 leather armour.
   408 | D:1      | 408 ||| DROPPING scroll of butterflies.
   545 | D:2      | HP: 3/16 [hound (4)]
   545 | D:2      | HP: 1/16 [adder (2)]
   545 | D:2      | Slain by an adder

Levels and vault maps discovered:
D:1:      dpeg_arrival_orchard, layout_basic
D:2:      layout_loops_cross, basic_altar

Skill      XL: |  1  2 |
---------------+-------+-----
Ranged Weapons | 6 |  6.4
Fighting       | |  1.5
Dodging        | |  2.4
Stealth        | |  1.2

Action                     || total
---------------------------++-------
   Fire: Shortbow          ||    33
 Armour: Ring mail         ||     4
  Dodge: Dodged            ||     6

Table legend:
 A = Non-vault XP
 B = Vault XP
 C = Vault XP percentage of total XP
 D = Non-vault monster count
 E = Vault monster count
 F = Vault count percentage of total count
                 A         B        C        D         E       F
            +---------+---------+-------+---------+---------+-------
      Total |      32 |       0 |   0.0 |      13 |       0 |   0.0
            +---------+---------+-------+---------+---------+-------
        D:1 |      16 |       0 |   0.0 |      10 |       0 |   0.0
        D:2 |      16 |       0 |   0.0 |       3 |       0 |   0.0
            +---------+---------+-------+---------+---------+-------
